 Dungeon Crawl Stone Soup version 0.20.0-15-g7f486f2 (webtiles) character file.

911 Chiseanne the Magician (level 7, -6/46 HPs)
             Began as a Demonspawn Wizard on June 15, 2017.
             Was an Initiate of Vehumet.
             Mangled by an orc warrior
             ... wielding a +0 mace
              (17 damage)
             ... on level 5 of the Dungeon.
             The game lasted 00:17:27 (9615 turns).

Chiseanne the Magician (Demonspawn Wizard)          Turns: 9615, Time: 00:17:27

Health: -6/46      AC:  7    Str:  7    XL:     7   Next: 82%
Magic:  1/16       EV: 15    Int: 21    God:    Vehumet [......]
Gold:   289        SH:  0    Dex: 12    Spells: 10/19 levels left

rFire    + . .     SeeInvis .   c - +0 falchion
rCold    . . .     Gourm    .   (no shield)
rNeg     + . .     Faith    .   a - +0 robe
rPois    .         Spirit   .   b - +0 hat
rElec    .         Reflect  .   (no cloak)
rCorr    .         Harm     .   (no gloves)
MR       .....                  (no boots)
Stlth    ++........             (no amulet)
Regen    0.2/turn               o - ring of positive energy
MPRegen  0.2/turn               h - +5 ring of protection

@: no status effects
A: repulsion field 2, fire resistance 1, flame cloud immunity
a: Renounce Religion


You were on level 5 of the Dungeon.
You worshipped Vehumet.
Vehumet was noncommittal.
You were hungry.

You visited 1 branch of the dungeon, and saw 5 of its levels.
You also visited: Ossuary.

You collected 289 gold pieces.

Inventory:

Hand Weapons
 c - a +0 falchion (weapon)
Missiles
 d - 50 bolts
 e - 3 needles of paralysis
 j - 158 stones (quivered)
 l - 19 sling bullets
 r - 34 arrows
 v - 3 throwing nets
Armour
 a - a +0 robe (worn)
 b - a +0 hat (worn)
Jewellery
 h - a +5 ring of protection (right hand)
 k - an uncursed ring of flight
 o - a ring of positive energy (left hand)
Scrolls
 i - a scroll of remove curse
 n - a scroll of amnesia {unknown}
 p - 6 scrolls of teleportation
 q - 2 scrolls of fog
 t - a scroll of immolation
 y - a scroll of blinking
 C - a scroll of recharging {unknown}
Potions
 f - 2 potions of brilliance
 g - 4 potions of ambrosia
 m - a potion of curing
 s - 4 potions of haste
 x - 4 potions of heal wounds
 z - a potion of mutation
 A - a potion of might
Comestibles
 u - a meat ration
 w - a bread ration
 B - 3 chunks of flesh


   Skills:
 - Level 1.7 Dodging
 - Level 1.7 Stealth
 * Level 6.5 Spellcasting
 * Level 6.2 Conjurations
   Level 1.0 Summonings
 - Level 0.8 Translocations


You had 10 spell levels left.
You knew the following spells:

 Your Spells              Type           Power        Failure   Level  Hunger
a - Magic Dart            Conj           ####         1%          1    None
b - Blink                 Tloc           N/A          10%         2    None
c - Conjure Flame         Conj/Fire      ###.....     8%          3    #......
d - Mephitic Cloud        Conj/Pois/Air  ###.....     12%         3    #......


Dungeon Overview and Level Annotations

Branches:
Dungeon (5/15)             Temple (0/1) D:4

Altars:
Ashenzari
Cheibriados
Gozag
Nemelex Xobeh
Okawaru
Trog
Vehumet
Zin


Innate Abilities, Weirdness & Mutations

You are surrounded by a moderate repulsion field. (EV +3)
Your flesh is heat resistant. (rF+)
You are immune to clouds of flame.


Message History

Casting: Magic Dart
Confirm with . or Enter, or press ? or * to list all spells.
You don't have enough magic to cast that spell.
You hit the orc warrior.
The orc warrior is severely wounded.
You catch the helpless orc warrior completely off-guard!
You hit the orc warrior.
The orc warrior is severely wounded.
The orc warrior hits you with a mace!!
* * * LOW HITPOINT WARNING * * *
You hit the orc warrior but do no damage.
The orc warrior is severely wounded.
The orc warrior completely misses you.
You riposte.
You strike the helpless orc warrior from behind!
You hit the orc warrior.
The orc warrior is severely wounded.
You hit the orc warrior.
The orc warrior is severely wounded.
The orc warrior hits you with a mace!
You die...

..##.....#...............
..#......................
..#..............#.####..
###.........####.#.#
#........#..[....#.#
........##.#####.#..
......###..# #.#.#
....###....## #.#.# #####
#.##..####@#.. #
#.##.....#o#..# #. #
#.##..##.#.#...%. #
#.##..##.#.#..#.### ##
##)##..##.#.#...... .#
#......##.#.#....#
.#####..###.##.#.#... #..
....##..# #.##.#.#.#....#
#..###..# #.##.#....$....


You could see an orc warrior (confused).

Vanquished Creatures
  A phantom (D:4)
  A scorpion (D:4)
  2 crimson imps
  A hound (D:5)
  A bullfrog skeleton (D:5)
  3 centaur zombies (Ossuary)
  A jelly (D:5)
  An iguana (D:5)
  An orc wizard (D:5)
  2 worker ants
  Terence (D:2)
  A killer bee zombie (D:5)
  3 big kobold zombies (Ossuary)
  2 hound skeletons (D:4)
  4 mummies (Ossuary)
  6 gnolls
  5 adders
  An ooze (D:1)
  A worm zombie (D:4)
  5 worms
  3 dart slugs
  5 leopard geckos
  9 orcs
  8 bats
  2 giant cockroaches (D:3)
  2 goblins (D:1)
  8 hobgoblins
  6 jackals
  9 kobolds
  4 quokkas
  A ball python (D:2)
  7 frilled lizards
  3 hobgoblin zombies (Ossuary)
  A kobold zombie (D:4)
  An orc zombie (D:4)
  7 rats
  A rat zombie (D:4)
120 creatures vanquished.

Notes
Turn   | Place    | Note
-------+----------+-------------------------------------------
     0 | D:1      | Chiseanne the Demonspawn Wizard began the quest for the Orb.
     0 | D:1      | Reached XP level 1. HP: 13/13 MP: 4/4
   482 | D:1      | Gained mutation: You are surrounded by a mild repulsion field. (EV +2) [demonic ancestry]
   482 | D:1      | Reached XP level 2. HP: 9/19 MP: 0/6
  1706 | D:2      | Noticed Terence
  1776 | D:1      | Learned a level 2 spell: Blink
  1802 | D:2      | Gained mutation: Your flesh is heat resistant. (rF+) [demonic ancestry]
  1802 | D:2      | Reached XP level 3. HP: 24/24 MP: 1/7
  1809 | D:1      | Learned a level 3 spell: Conjure Flame
  2170 | D:2      | Found a snail-covered altar of Cheibriados.
  2289 | D:2      | Found a shattered altar of Ashenzari.
  2326 | D:2      | Learned a level 3 spell: Mephitic Cloud
  2855 | D:2      | Found a bloodstained altar of Trog.
  3181 | D:2      | Killed Terence
  3181 | D:2      | Reached XP level 4. HP: 30/30 MP: 0/9
  4091 | D:3      | Gained mutation: You are surrounded by a moderate repulsion field. (EV +3) [demonic ancestry]
  4091 | D:3      | Reached XP level 5. HP: 35/35 MP: 1/11
  4858 | D:3      | Found a faded altar of an unknown god.
  5722 | D:4      | Found an opulent altar of Gozag.
  5722 | D:4      | Found a glowing silver altar of Zin.
  5824 | D:4      | Found a sand-covered staircase.
  5906 | Ossuary  | Entered an ossuary
  5933 | Ossuary  | Gained mutation: You are immune to clouds of flame. [demonic ancestry]
  5933 | Ossuary  | Reached XP level 6. HP: 27/41 MP: 0/13
  6434 | Ossuary  | Reached skill level 5 in Spellcasting
  7171 | Ossuary  | Reached skill level 5 in Conjurations
  7656 | D:4      | Reached XP level 7. HP: 41/46 MP: 2/15
  8417 | D:5      | Entered Level 5 of the Dungeon
  8569 | D:5      | Found a radiant altar of Vehumet.
  8573 | D:5      | Became a worshipper of Vehumet
  8940 | D:5      | Found an iron altar of Okawaru.
  8964 | D:4      | Found a staircase to the Ecumenical Temple.
  9215 | D:5      | Found a sparkling altar of Nemelex Xobeh.
  9615 | D:5      | Mangled by an orc warrior

Skill      XL: |  1  2  3  4  5  6  7 |
---------------+----------------------+-----
Conjurations   | 2 3 4 5 6 |  6.2
Spellcasting   | 4 5 6 |  6.5
Dodging        | |  1.7
Stealth        | |  1.7
Summonings     | |  1.0
Translocations | |  0.8

Action                   |  1- 3 |  4- 6 |  7- 9 || total
-------------------------+-------+-------+-------++-------
Melee: Dagger            |    20 |     6 |       ||    26
       Unarmed           |     8 |       |       ||     8
       Falchion          |       |    62 |    36 ||    98
 Cast: Magic Dart        |    98 |   260 |   123 ||   481
       Blink             |     3 |       |     2 ||     5
       Conjure Flame     |     3 |       |       ||     3
       Mephitic Cloud    |     1 |       |     3 ||     4
  Use: Scroll            |    10 |     7 |     3 ||    20
       Potion            |       |     1 |       ||     1
 Stab: Invisible         |       |     2 |       ||     2
       Held in net/web   |       |     1 |       ||     1
       Confused          |       |       |     2 ||     2
  Eat: Chunk             |     6 |     8 |     4 ||    18
       Bread ration      |       |     2 |       ||     2
Armor: Robe              |     4 |     6 |    15 ||    25
Dodge: Dodged            |    40 |    98 |    46 ||   184
       Rpst.: Falchion   |       |    18 |    13 ||    31
